 Dungeon Crawl Stone Soup version 0.24.0-10-g970556be89 (webtiles) character file.

Game seed: 10829256761749854169, levelgen mode: deterministic

4799 Gumption the Quickloader (level 10, -5/64 HPs)
             Began as a Kobold Arcane Marksman on Nov 4, 2019.
             Was an Initiate of Nemelex Xobeh.
             Slain by a yak (23 damage)
             ... on level 8 of the Dungeon.
             The game lasted 01:29:11 (9405 turns).

Gumption the Quickloader (Kobold Arcane Marksman)   Turns: 9405, Time: 01:29:12

Health: -5/64      AC: 10    Str:  8    XL:     10   Next: 76%
Magic:  18/18      EV: 14    Int: 15    God:    Nemelex Xobeh [......]
Gold:   372        SH:  8    Dex: 24    Spells: 10/20 levels left

rFire    + . .     SeeInvis .   b - +4 dagger (chaos)
rCold    . . .     Gourm    .   v - +0 buckler {rPois}
rNeg     . . .     Faith    .   n - +0 ring mail
rPois    +         Spirit   .   A - +0 helmet
rElec    .         Reflect  .   y - +0 cloak
rCorr    .         Harm     .   u - +0 pair of gloves
MR       .....                  r - +1 pair of boots
Stlth    +.........             (no amulet)
HPRegen  0.20/turn              x - +6 ring of dexterity
MPRegen  0.16/turn              G - ring of protection from fire

@: no status effects
A: small, carnivore
a: Draw Escape, Draw Destruction, Draw Summoning, Renounce Religion


You were on level 8 of the Dungeon.
You worshipped Nemelex Xobeh.
Nemelex Xobeh was noncommittal.
You were very full.

You visited 2 branches of the dungeon, and saw 9 of its levels.

You collected 426 gold pieces.
You spent 54 gold pieces at shops.

Inventory:

Hand Weapons
 a - a +0 hand crossbow
 b - a +4 dagger of chaos (weapon)
 w - a +0 rapier
 z - a +0 dagger
Missiles
 d - 13 bolts
 m - 229 stones
 C - 16 poisoned darts (quivered)
 F - 11 curare-tipped darts
Armour
 n - a +0 ring mail (worn)
 r - a +1 pair of boots (worn)
 u - a +0 pair of gloves (worn)
 v - a +0 buckler of poison resistance (worn)
 y - a +0 cloak (worn)
 A - a +0 helmet (worn)
 J - the +6 chain mail "Asauqyeb" {Dex+3 SInv, unknown}
   (You found it on level 8 of the Dungeon)

   It affects your dexterity (+3).
   It lets you see invisible.
Jewellery
 x - a +6 ring of dexterity (left hand)
 D - an uncursed ring of resist corrosion
 E - an uncursed ring of flight
 G - a ring of protection from fire (right hand)
Wands
 i - a wand of polymorph (8)
 q - a wand of iceblast (5)
Scrolls
 f - 5 scrolls of teleportation
 h - a scroll of remove curse
 j - a scroll of enchant armour
 k - 2 scrolls of fear
 l - a scroll of enchant weapon {unknown}
 o - a scroll of fog
Potions
 c - a potion of mutation
 g - 2 potions of berserk rage
 p - 2 potions of curing
 s - 4 potions of lignification
 t - 2 potions of brilliance
 B - a potion of might
 H - a potion of cancellation
 I - a potion of resistance
Comestibles
 e - 17 rations
 K - a chunk of flesh


   Skills:
 - Level 8.1 Fighting
 + Level 5.7 Short Blades
 - Level 10.0 Crossbows
 + Level 1.0 Armour
 + Level 3.1 Dodging
 - Level 5.8 Shields
 + Level 5.6 Spellcasting
 + Level 6.6 Hexes


You had 10 spell levels left.
You knew the following spells:

 Your Spells              Type           Power        Failure   Level  Hunger
a - Corona                Hex            ###....      3%          1    None
b - Slow                  Hex            ###.....     4%          2    #......
c - Portal Projectile     Hex/Tloc       ##....       36%         3    ###....
d - Cause Fear            Hex            ###.......   30%         4    ####...

Your spell library contained the following spells:

 Spells                   Type           Power        Failure   Level  Hunger
 Inner Flame              Hex/Fire       ##......     36%         3    ###....
 Leda's Liquefaction      Hex/Erth       ##........   77%         4    ####...


Dungeon Overview and Level Annotations

Branches:
Dungeon (8/15)             Temple (1/1) D:7
   Lair: D:8-11

Altars:
Ashenzari
Cheibriados
Dithmenos
Elyvilon
Fedhas
Gozag
Hepliaklqana
Kikubaaqudgha
Makhleb
Nemelex Xobeh
Qazlal
Ru
Sif Muna
Trog
Uskayaw
Vehumet
Wu Jian
Yredelemnul
Zin
The Shining One

Shops:
D:5 [   D:8 ?


Innate Abilities, Weirdness & Mutations

You are small and have problems with some larger weapons.
You are carnivorous and can eat meat at any time.


Message History

Press: ? - help, Shift-Dir - straight line, f/p - dream sheep
Aim: a dream sheep (severely wounded)
You shoot a bolt. The bolt hits the dream sheep!
You kill the dream sheep!
Your Armour skill increases to level 1!
Your +4 dagger of chaos is briefly surrounded by a scintillating aura of random colours.
b - a +4 dagger of chaos (weapon)
You block the yak's attack.
You hit the yak but do no damage.
The yak goes berserk!
You block the yak's attack.
You hit the yak.
The yak flickers and vanishes!
Deactivating autopickup; reactivate with Ctrl-A.
Something gores you!
The big kobold throws a stone.
You block the stone.
You hit something. You freeze something. Something gores you!!
You hit something. You freeze something. Something gores you.
You hit something but do no damage. Something gores you.
* * * LOW HITPOINT WARNING * * *
Something gores you!!
You die...
Your body disappears without a glow.

##...÷.... .# #.....<... .#
#......... .# #.........
##.# #......... #..#
#......... ##.######........
########..#.............
#.(((K{@.....###......÷.
#(######..8..._...8.....
#####(#### #<).[..).........
#PP≈.≈.≈.###..8.......8.###.
#P≈......##.............##..
#≈≈P..%%.##.#.8.......8.##..
#P≈≈..P..##.#..............#
#.≈P%Y.Y.##.####.###.#.#.#.#
#+###'''##..# #.# #.....#.#


You could see a big kobold.

Vanquished Creatures
  A two-headed ogre (D:8)
  Psyche (D:8)
  A blink frog (D:8)
  A dream sheep (D:8)
  A hippogriff (D:7)
  Sigmund (D:3)
  Menkaure (D:4)
  A black bear (D:6)
  A phantom (D:8)
  A sky beast (D:7)
  A necrophage (D:7)
  3 ogres
  3 centaurs
  12 bullfrogs
  A wyvern zombie (D:6)
  A water moccasin skeleton (D:7)
  A scorpion (D:6)
  4 killer bees
  4 crimson imps
  A bullfrog zombie (D:5)
  A quasit (D:8)
  5 hounds
  3 orc priests (D:4)
  2 orc wizards
  2 iguanas
  9 worker ants
  A killer bee zombie (D:8)
  A hound skeleton (D:4)
  9 adders
  An ooze (D:2)
  An adder skeleton (D:4)
  3 worms
  5 dart slugs
  6 leopard geckos
  15 orcs
  2 ball pythons
  8 giant cockroaches
  19 goblins
  19 hobgoblins
  15 jackals
  3 quokkas
  6 bats
  8 frilled lizards
  11 kobolds
  A leopard gecko skeleton (D:6)
  6 rats
203 creatures vanquished.

Notes
Turn   | Place    | Note
-------+----------+-------------------------------------------
     0 | D:1      | Gumption the Kobold Arcane Marksman began the quest for the
                  | Orb.
     0 | D:1      | Reached XP level 1. HP: 12/12 MP: 2/2
   249 | D:1      | Reached XP level 2. HP: 16/16 MP: 3/3
   253 | D:1      | Learned a level 2 spell: Slow
  1033 | D:2      | Reached XP level 3. HP: 8/20 MP: 5/5
  1257 | D:2      | Reached skill level 3 in Crossbows
  1347 | D:2      | Reached skill level 9 in Crossbows
  1347 | D:2      | Reached XP level 4. HP: 35/35 MP: 6/6
  1352 | D:2      | Learned a level 3 spell: Portal Projectile
  1622 | D:2      | Found a basalt altar of Yredelemnul.
  1653 | D:2      | Found a hazy altar of Hepliaklqana.
  2261 | D:2      | Reached XP level 5. HP: 39/39 MP: 7/7
  2583 | D:3      | Noticed Sigmund
  2867 | D:3      | Killed Sigmund
  2867 | D:3      | Reached skill level 1 in Shields
  2867 | D:3      | Reached XP level 6. HP: 31/44 MP: 9/9
  3094 | D:3      | Found a white marble altar of Elyvilon.
  3323 | D:4      | Reached XP level 7. HP: 49/49 MP: 10/10
  3648 | D:4      | Learned a level 4 spell: Cause Fear
  3813 | D:4      | Noticed Menkaure
  3818 | D:4      | Killed Menkaure
  3842 | D:4      | Reached XP level 8. HP: 54/54 MP: 12/12
  4122 | D:4      | Found a sacrificial altar of Ru.
  4253 | D:5      | Entered Level 5 of the Dungeon
  4363 | D:5      | Found Igumuwk's Armour Shop.
  4395 | D:5      | Reached skill level 10 in Crossbows
  4451 | D:5      | Bought a +0 pair of gloves for 54 gold pieces
  5308 | D:6      | Reached skill level 1 in Short Blades
  5518 | D:6      | Reached skill level 5 in Hexes
  5553 | D:6      | Reached XP level 9. HP: 47/59 MP: 14/14
  6986 | D:7      | Found a staircase to the Ecumenical Temple.
  6991 | Temple   | Entered the Ecumenical Temple
  7076 | Temple   | Became a worshipper of Nemelex Xobeh the Trickster
  7323 | D:7      | Reached skill level 5 in Shields
  7323 | D:7      | Reached XP level 10. HP: 22/64 MP: 15/17
  7918 | D:7      | Received a gift from Nemelex Xobeh
  8236 | D:8      | Noticed a two-headed ogre
  8279 | D:8      | Found a hide-covered altar of Uskayaw.
  8328 | D:8      | Noticed Psyche
  8354 | D:8      | Killed Psyche
  8354 | D:8      | Reached skill level 5 in Spellcasting
  8376 | D:8      | Killed a two-headed ogre
  8376 | D:8      | Reached skill level 5 in Short Blades
  8687 | D:8      | Found a hazy altar of Hepliaklqana.
  8693 | D:8      | Found Zayceh's Magic Scroll Boutique.
  8798 | D:8      | Got a crude chain mail
  9399 | D:8      | Reached skill level 1 in Armour
  9405 | D:8      | Slain by a yak

Levels and vault maps discovered:
D:1:      co_arrival_random_square_maze, layout_basic
D:2:      layout_basic, old_standard_altar, lemuel_round_altar
D:3:      layout_rooms, elyvilon_altar_3, uniq_sigmund
D:4:      layout_basic, kennysheep_mini, serial_bayou_pond_d, uniq_menkaure
D:5:      corexii_shantytown, layout_gridville, serial_shops,
          nicolae_shop_waterfront, first_ration
D:6:      cheibrodos_barr_body, layout_basic, minmay_misc_feat_encased
D:7:      layout_basic, temple_doors_cd
D:8:      layout_rooms, eat_drink_and_be_merry_uskayaw, xom_shifter_show,
          basic_altar, serial_shops, shop, hangedman_ranch
          [blue_anna_fruit_fields], uniq_psyche, uniq_joseph, uniq_grum
Temple:   nicolae_temple_no_exploring_needed

Skill      XL: |  1  2  3  4  5  6  7  8  9 10 |
---------------+-------------------------------+-----
Crossbows      | 9 10 | 10.0
Fighting       | 8 |  8.1
Spellcasting   | 2 3 4 5 |  5.6
Shields        | 1 2 3 5 |  5.8
Hexes          | 4 5 6 |  6.6
Short Blades   | 1 4 5 |  5.7
Dodging        | 3 |  3.1
Armour         | 1 |  1.0

Action                   |  1- 3 |  4- 6 |  7- 9 | 10-12 || total
-------------------------+-------+-------+-------+-------++-------
Melee: Dagger            |    37 |   121 |       |    66 ||   224
       Rapier            |       |     3 |   304 |    50 ||   357
 Fire: Hand crossbow     |    40 |    72 |   285 |    73 ||   470
Throw: Stone             |       |     5 |     9 |     4 ||    18
       Dart              |       |     2 |       |    14 ||    16
 Cast: Slow              |     1 |       |       |       ||     1
  Use: Scroll            |     2 |     8 |     8 |       ||    18
       Potion            |     1 |       |       |       ||     1
 Stab: Sleeping          |     1 |       |     1 |       ||     2
  Eat: Chunk             |     5 |    11 |    13 |     6 ||    35
Armor: Robe              |     4 |       |       |       ||     4
       Ring mail         |     2 |    50 |   129 |    43 ||   224
Dodge: Dodged            |    43 |   114 |   189 |    89 ||   435
Block: Buckler           |       |    14 |   145 |    74 ||   233
